 Dungeon Crawl Stone Soup version 0.20-a0-971-g5896763 (webtiles) character file.

133731 youMom the Thaumaturge (level 16, -5/127 HPs)
             Began as a Mummy Air Elementalist on Mar 19, 2017.
             Was the Champion of Ashenzari.
             Killed by a resonance strike
             ... invoked by a ragged hierophant
             ... summoned by a halazid warlock
              (21 damage)
             ... in the Desolation of Salt on Apr 8, 2017.
             The game lasted 03:55:08 (41831 turns).

youMom the Thaumaturge (Mummy Air Elementalist)    Turns: 41831, Time: 03:55:09

Health: -5/127     AC: 12    Str: 17    XL:     16   Next: 60%
Magic:  1/34       EV: 20    Int: 29    God:    Ashenzari [******]
Gold:   991        SH:  9    Dex: 14    Spells: 14/43 levels left

rFire    x . .     SeeInvis +   c - staff of energy
rCold    + . .     Gourm    .   y - +3 buckler (curse)
rNeg     + + +     Faith    .   u - +1 leather armour "Pakogid" {Int+5 Slay+3} (curse)
rPois    ∞         Spirit   .   N - +2 hat {MR+} (curse)
rElec    .         Reflect  .   T - +0 cloak of the Big Bang {Str+5} (curse)
rCorr    .         Harm     .   Q - +1 pair of gloves
MR       +++..     Clarity  +   U - +2 pair of boots {run} (curse)
Stlth    ++........             P - amulet of regeneration (curse)
Regen    0.8/turn               X - ring of Melourph {Wiz Int+2}
MPRegen  0.3/turn               D - +3 ring of intelligence (curse)

@: about to teleport, quick
A: no food or potions, fire vulnerability, cold resistance 1, negative energy
resistance 3, torment resistance, unbreathing, in touch with death 1
a: Curse Item, Scrying, Transfer Knowledge, Renounce Religion


You were in the Desolation of Salt.
You worshipped Ashenzari.
Ashenzari was exalted by your worship.
You were not hungry.

You visited 4 branches of the dungeon, and saw 25 of its levels.
You also visited: Labyrinth and Desolation.

You collected 2827 gold pieces.
You spent 1836 gold pieces at shops.

Inventory:

Hand Weapons
 m - a +1 dagger of venom
 q - a +0 falchion of electrocution
 r - a +1 trident of distortion
Armour
 a - the +2 robe of Ennui {rCorr Str+8 Int+3}
   (You found it in a labyrinth)

   It affects your strength (+8).
   It affects your intelligence (+3).
   It protects you from acid and corrosion.
 h - +0 acid dragon scales
 t - the cursed -5 robe of Misfortune {-Cast *Contam *Tele *Drain EV-5 Stlth-- *Curse}
   (You found it in the Desolation of Salt)

   It affects your evasion (-5).
   It prevents spellcasting.
   It may teleport you next to monsters.
   It curses itself when equipped.
   It causes magical contamination when unequipped.
   It causes draining when unequipped.
   It makes you much less stealthy.
   It has a curse placed upon it.
 u - the cursed +1 leather armour "Pakogid" (worn) {Int+5 Slay+3}
   (You found it on level 6 of the Dungeon)

   It affects your intelligence (+5).
   It affects your accuracy and damage with ranged weapons and melee attacks
   (+3).
   It has a curse placed upon it.
 y - a cursed +3 buckler (worn)
 G - the +2 hat of Narcissism {rF+ rC+++ Str-4 Dex-3}
   (You found it on level 6 of the Lair of Beasts)

   It affects your strength (-4).
   It affects your dexterity (-3).
   It protects you from fire.
   It renders you almost immune to cold.
 I - a scarf of resistance
 N - a cursed +2 hat of magic resistance (worn)
 Q - a +1 pair of gloves (worn)
 T - the cursed +0 cloak of the Big Bang (worn) {Str+5}
   (You bought it in a shop on level 2 of the Orcish Mines)

   It affects your strength (+5).
   It has a curse placed upon it.
 U - a cursed +2 pair of boots of running (worn)
 W - the +3 pair of boots of Rume {Slay+3}
   (You found it in the Desolation of Salt)

   It affects your accuracy and damage with ranged weapons and melee attacks
   (+3).
Magical Staves
 c - an uncursed staff of energy (weapon)
 s - an uncursed staff of wizardry
 F - an uncursed staff of air
Jewellery
 e - a cursed ring of teleportation
 B - a +3 ring of evasion
 D - a cursed +3 ring of intelligence (right hand)
 H - an uncursed ring of protection from fire
 K - an uncursed ring of magical power
 O - an uncursed ring of protection from magic
 P - a cursed amulet of regeneration (around neck)
 S - the ring "Enociwk" {rF+++ rN+ Slay-4 Stlth+}
   (You bought it in a shop on level 2 of the Orcish Mines)

   [ring of positive energy]

   It affects your accuracy and damage with ranged weapons and melee attacks
   (-4).
   It renders you almost immune to fire.
   It protects you from negative energy.
   It makes you more stealthy.
 X - the ring of Melourph (left hand) {Wiz Int+2}
   (You found it in the Desolation of Salt)

   [ring of wizardry]

   It improves your spell success rate.
   It affects your intelligence (+2).
Wands
 n - a wand of digging (17/24)
 M - a wand of disintegration (10/24)
Scrolls
 f - 2 scrolls of enchant weapon
 g - 3 scrolls of vulnerability
 i - 2 scrolls of teleportation
 j - 4 scrolls of amnesia
 k - 2 scrolls of immolation
 o - 2 scrolls of fear
 p - 4 scrolls of fog
 v - 2 scrolls of holy word
 x - 3 scrolls of brand weapon
 z - 6 scrolls of recharging
 A - 4 scrolls of magic mapping
 C - 6 scrolls of identify
 R - a scroll of silence
 Y - 3 scrolls of remove curse
Books
 d - a book of Callings

   Spells                             Type                      Level
   a - Summon Small Mammal            Summoning                    1
   b - Call Imp                       Summoning                    2
   c - Call Canine Familiar           Summoning                    3
   d - Summon Guardian Golem          Hexes/Summoning              3
   e - Summon Lightning Spire         Summoning/Air                4
   f - Summon Ice Beast               Ice/Summoning                4
 l - a book of Minor Magic

   Spells                             Type                      Level
   a - Magic Dart                     Conjuration                  1
   b - Blink                          Translocation                2
   c - Call Imp                       Summoning                    2
   d - Slow                           Hexes                        2
   e - Conjure Flame                  Conjuration/Fire             3
   f - Mephitic Cloud                 Conjuration/Poison/Air       3
 E - a Young Poisoner's Handbook

   Spells                             Type                      Level
   a - Sting                          Conjuration/Poison           1
   b - Poisonous Vapours              Poison/Air                   2
   c - Mephitic Cloud                 Conjuration/Poison/Air       3
   d - Olgreb's Toxic Radiance        Poison                       4
   e - Venom Bolt                     Conjuration/Poison           5
 J - a book of Enchantments

   Spells                             Type                      Level
   a - Cause Fear                     Hexes                        4
   b - Yara's Violent Unravelling     Hexes/Transmutation          5
   c - Silence                        Hexes/Air                    5
   d - Deflect Missiles               Charms/Air                   6
   e - Discord                        Hexes                        8
 L - a book of Necromancy

   Spells                             Type                      Level
   a - Pain                           Necromancy                   1
   b - Animate Skeleton               Necromancy                   1
   c - Vampiric Draining              Necromancy                   3
   d - Regeneration                   Charms/Necromancy            3
   e - Animate Dead                   Necromancy                   4
   f - Control Undead                 Necromancy                   4
 V - Sif Muna's Compendium of Unstable Clay
   (You found it in the Desolation of Salt)

   Spells                             Type                      Level
   a - Sandblast                      Earth                        1
   b - Shroud of Golubria             Charms/Translocation         2
   c - Portal Projectile              Hexes/Translocation          3
   d - Statue Form                    Transmutation/Earth          6
   e - Disjunction                    Translocation                8
 Z - Caging's Collected Works on Creation
   (You found it in the Desolation of Salt)

   Spells                             Type                      Level
   a - Summon Butterflies             Summoning                    1
   b - Summon Small Mammal            Summoning                    1
   c - Dragon's Call                  Summoning                    9


   Skills:
 + Level 12.2 Fighting
 + Level 10.7(13.5) Dodging
 - Level 1.5(3.6) Stealth
 - Level 4.1(6.9) Shields
 + Level 14.2 Spellcasting
 + Level 10.4(13.2) Conjurations
 - Level 5.2(8.2) Charms
 + Level 10.7(13.5) Air Magic
 - Level 10.0(12.8) Evocations


You had 14 spell levels left.
You knew the following spells:

 Your Spells              Type           Power        Failure   Level  Hunger
a - Lightning Bolt        Conj/Air       #######...   1%          5    N/A
b - Swiftness             Chrm/Air       ######..     1%          2    N/A
c - Static Discharge      Conj/Air       #######.     1%          3    N/A
d - Mephitic Cloud        Conj/Pois/Air  ######..     1%          3    N/A
e - Blink                 Tloc           N/A          1%          2    N/A
f - Airstrike             Air            #######...   1%          4    N/A
g - Olgreb's Toxic Radia  Pois           ###.....     12%         4    N/A
h - Deflect Missiles      Chrm/Air       ######....   3%          6    N/A

Dungeon Overview and Level Annotations

Branches:
Dungeon (15/15)            Temple (0/1) D:7            Lair (6/6) D:9
 Shoals (0/4) Lair:3        Snake (0/4) Lair:3        Slime (0/5) Lair:5
    Orc (2/2) D:9             Elf (2/3) Orc:2        Vaults (0/5) D:14
 Depths (0/5) D:15

Altars:
Ashenzari
Cheibriados
Dithmenos
Elyvilon
Hepliaklqana
Makhleb
Ru
Trog
Xom
Yredelemnul
Beogh
Jiyva

Shops:
D:7 *   D:13 *   D:14 [   D:15 =   Orc:1 (   Orc:2 **}(([=   Elf:1 %

Portals:
Trove: D:10 (give +4 demon blade)

Annotations:
D:4 StylePro's ghost, novice DDFi
D:7 exclusion: oklob plant
Orc:1 exclusion: downstairs
Elf:2 Azrael


Innate Abilities, Weirdness & Mutations

You do not eat or drink.
Your flesh is vulnerable to fire.
You are immune to poison.
Your flesh is cold resistant. (rC+)
You are immune to negative energy. (rN+++)
You are immune to unholy pain and torment.
You can survive without breathing.
You are in touch with the powers of death.


Message History

The servant of whispers mumbles some strange prayers to its god.
The air becomes perfectly still.
The ironbrand convoker gestures at the saltling while chanting.
The saltling seems to grow stronger.
The servant of whispers hits you but does no damage. 5 saltlings come into view.
As you read the scroll of teleportation, it crumbles to dust.
You feel strangely unstable. The saltling closely misses you.
The saltling barely misses you.
The servant of whispers hits you but does no damage.
The saltling misses you.
You block the servant of whispers's attack.
Casting: Blink
Confirm with . or Enter, or press ? or * to list all spells.
You blink.
The ragged hierophant gestures wildly while chanting.
The ragged hierophant begins to accept its allies' injuries.
The ragged hierophant gestures at you while chanting.
A blast of power from the earth and the saltling strikes you!
You die...

** * ,,, ,, ..............##...
*
**,,,,........................
** *,,
...................{..... ** ,
........................# * *
*,, ........................# *
* ,........................# *
* ,..........................#
***,...........................
****
,.........8@.....8.........# *
...8...............{......#
*,.....8.............{{..#.p# *
* ..8......8.L.....9..8..#{.#
** .....8p8pp......p..L......#
*** ...........p8..............
** ........888....#..8........
****
,................#.......... **
**,...........................


You could see 2 ragged hierophants, 2 servants of whispers, a halazid warlock,
an ironbrand convoker, a molten gargoyle (wandering) and 11 saltlings.

Vanquished Creatures
  Rupert (D:12)
  Gastronok (Lair:2)
  A fire giant (D:14)
  An imperial myrmidon (Desolation)
  The ghost of StylePro the Severer, a journeyman DDFi of Makhleb (Lair:6)
  A stone giant (Orc:2)
  Nessos (D:12)
  Snorg (D:10)
  4 ettins
  A minotaur (Lab)
  The ghost of itsmu the Martial Artist, a journeyman DsFi of Uskayaw (Lab)
  A deep elf death mage (Elf:1)
  3 ogre magi
  A ragged hierophant (Desolation)
  4 servants of whispers (Desolation)
  14 hydras
  A peacekeeper (Desolation)
  2 centaur warriors
  3 dancing weapons
  A tengu warrior (D:15)
  2 two-headed ogres
  7 death yaks
  A catoblepas (Lair:6)
  2 deep troll earth magi (D:14)
  Sonja (Lair:2)
  Urug (D:11)
  7 deep elf knights (Elf:1)
  The ghost of Paps the Covert, a novice GrAs of Gozag (D:8)
  An unseen horror (D:13)
  2 deep trolls
  4 deep elf archers (Elf:1)
  The ghost of Sapher the Cleaver, a novice DDGl of Makhleb (D:10)
  4 orc knights
  13 deep elf magi
  2 wolf spiders (Lair:5)
  13 cyclopes
  2 orc sorcerers
  11 ugly things
  8 elephants
  A merfolk siren (Lair:3)
  8 black mambas
  Maurice (D:12)
  2 centaur zombies
  A guardian serpent (Lair:6)
  25 spiny frogs
  A molten gargoyle (Lair:2)
  5 komodo dragons
  A yaktaur (D:14)
  10 rime drakes
  3 meliai
  A polar bear (Lair:4)
  5 trolls
  A wind drake (shapeshifter) (D:15)
  5 hornets
  8 blink frogs (Lair:6)
  21 saltlings (Desolation)
  20 hippogriffs
  4 slime creatures (D:13)
  A centaur simulacrum (D:14)
  2 vampires
  21 wyverns
  5 redbacks
  A spriggan (Lair:1)
  2 air elementals
  A spriggan (shapeshifter) (D:14)
  5 basilisks
  3 wraiths
  44 yaks
  6 hungry ghosts
  A warg (Orc:1)
  An acid dragon (D:14)
  2 nagas (Lair:3)
  3 soldier ants
  Duvessa (D:7)
  31 orc warriors
  12 porcupines
  24 water moccasins
  A necrophage (D:5)
  4 ice beasts
  4 phantoms
  5 sky beasts
  A black bear (D:11)
  8 wolves
  19 ogres
  An ogre (shapeshifter) (D:14)
  13 centaurs
  16 crocodiles
  A big kobold (D:7)
  15 bullfrogs
  2 gnoll sergeants
  An earth elemental (Lab)
  A water moccasin zombie (D:5)
  Dowan (D:7)
  A water moccasin skeleton (D:6)
  A wyvern skeleton (D:5)
  4 scorpions
  5 killer bees (D:12)
  19 wights
  A troll skeleton (Lab)
  3 electric eels
  4 howler monkeys
  9 crimson imps
  4 bullfrog zombies
  A jelly (D:7)
  8 centaur skeletons
  4 bullfrog skeletons
  11 orc priests
  4 gnoll shamans (D:7)
  4 hounds
  Crazy Yiuf (D:7)
  Terence (D:3)
  2 iguanas
  18 orc wizards
  13 worker ants
  A killer bee zombie (D:7)
  2 ogre skeletons (Lab)
  2 hound skeletons
  17 gnolls
  14 adders
  3 shadow imps
  An adder zombie (D:7)
  4 adder skeletons
  4 worms
  A dart slug (D:1)
  8 leopard geckos
  118 orcs
  7 bats
  9 giant cockroaches
  A goblin (shapeshifter) (D:15)
  14 goblins
  4 hobgoblins
  6 jackals
  6 kobolds
  8 quokkas
  4 ball pythons
  4 frilled lizards
  2 jackal skeletons
  A quokka skeleton (D:9)
  5 rats
  A bush (D:15)
  2 crawling corpses (Elf:1)
  A fungus (Orc:2)
  2 plants (Lair:6)
879 creatures vanquished.

Vanquished Creatures (others)
  2 ogres (D:8)
  A big kobold (D:8)
  A wight (D:8)
  2 orc wizards (D:8)
  29 fungi
  30 plants
65 creatures vanquished.

Grand Total: 944 creatures vanquished

Notes
Turn   | Place    | Note
-------+----------+-------------------------------------------
     0 | D:1      | youMom the Mummy Air Elementalist began the quest for the Orb.
     0 | D:1      | Reached XP level 1. HP: 13/13 MP: 4/4
   174 | D:1      | Reached skill level 1 in Conjurations
   174 | D:1      | Reached XP level 2. HP: 18/20 MP: 5/5
   251 | D:1      | Reached skill level 1 in Fighting
   808 | D:2      | Reached XP level 3. HP: 25/26 MP: 7/7
   942 | D:2      | Found a burning altar of Makhleb.
   950 | D:2      | Reached skill level 3 in Spellcasting
   955 | D:2      | Learned a level 2 spell: Swiftness
   959 | D:2      | Learned a level 3 spell: Static Discharge
  1077 | D:2      | Reached XP level 4. HP: 32/32 MP: 8/8
  1646 | D:3      | Learned a level 3 spell: Mephitic Cloud
  1704 | D:3      | Noticed Terence
  1798 | D:3      | Killed Terence
  1798 | D:3      | Reached XP level 5. HP: 39/39 MP: 3/10
  2069 | D:4      | Noticed StylePro's ghost (novice DDFi)
  2168 | D:4      | Learned a level 2 spell: Blink
  2299 | D:4      | Noticed an orc warrior
  2563 | D:3      | Reached XP level 6. HP: 44/46 MP: 4/11
  2700 | D:3      | Reached skill level 4 in Spellcasting
  2883 | D:4      | Found a shadowy altar of Dithmenos.
  2981 | D:4      | Noticed an orc warrior
  3408 | D:4      | Killed an orc warrior
  3408 | D:4      | Reached XP level 7. HP: 49/52 MP: 4/13
  3913 | D:5      | Entered Level 5 of the Dungeon
  3983 | D:5      | Reached skill level 5 in Spellcasting
  4159 | D:5      | Got a pair of faintly glowing boots
  4165 | D:5      | Identified the cursed -3 pair of boots of the Gravedigger {*Corrode +Fly rN+ SInv} (You found it on level 5 of the Dungeon)
  4174 | D:5      | Learned a level 5 spell: Lightning Bolt
  4800 | D:5      | Reached XP level 8. HP: 37/60 MP: 12/16
  5440 | D:5      | Reached skill level 6 in Spellcasting
  5947 | D:6      | Got a jasper-encrusted leather armour
  5992 | D:6      | Found a snail-covered altar of Cheibriados.
  6581 | D:6      | Identified the +1 leather armour "Pakogid" {Int+5 Slay+3} (You found it on level 6 of the Dungeon)
  6621 | D:6      | Learned a level 4 spell: Airstrike
  6999 | D:6      | Reached XP level 9. HP: 63/67 MP: 19/19
  7395 | D:4      | Reached skill level 5 in Fighting
  7395 | D:4      | Reached skill level 7 in Spellcasting
  7437 | D:5      | Reached skill level 5 in Dodging
  7458 | D:5      | Reached skill level 5 in Air Magic
  8027 | D:7      | Found a white marble altar of Elyvilon.
  8212 | D:7      | Found a sacrificial altar of Ru.
  8212 | D:7      | Noticed an oklob plant
  8525 | D:7      | Found a shattered altar of Ashenzari.
  8533 | D:7      | Became a worshipper of Ashenzari the Shackled
  8614 | D:7      | Noticed Duvessa
  8614 | D:7      | Noticed Dowan
  8773 | D:7      | Found a hazy altar of Hepliaklqana.
  8797 | D:7      | Reached skill level 1 in Shields
  8888 | D:7      | Found a staircase to the Ecumenical Temple.
  8895 | D:7      | Found Ihidgholu's Assorted Antiques.
  8924 | D:7      | Bought a scroll labeled AMENOG PUNG for 28 gold pieces
  8924 | D:7      | Bought a scroll labeled POSAIR YCVA for 28 gold pieces
  8924 | D:7      | Bought a scroll labeled LEKULOE KIAWNO for 28 gold pieces
  9101 | D:7      | Killed Dowan
  9104 | D:7      | Killed Duvessa
  9258 | D:7      | Reached skill level 5 in Conjurations
  9258 | D:7      | Reached XP level 10. HP: 76/76 MP: 18/21
  9582 | D:7      | Found a runed door.
  9869 | D:7      | Noticed Crazy Yiuf
  9874 | D:7      | Killed Crazy Yiuf
 10421 | D:8      | Noticed Paps's ghost (novice GrAs)
 10444 | D:8      | Reached skill level 8 in Spellcasting
 10487 | D:8      | Killed Paps's ghost
 11112 | D:8      | Found a shimmering altar of Xom.
 11243 | D:9      | Noticed an elephant
 11246 | D:9      | Found a staircase to the Lair.
 11269 | D:9      | Killed an elephant
 11376 | D:9      | Reached * piety under Ashenzari
 11423 | D:9      | Found a staircase to the Orcish Mines.
 11669 | D:9      | Found a basalt altar of Yredelemnul.
 11846 | D:9      | Noticed a deep elf mage
 11861 | D:9      | Killed a deep elf mage
 12044 | D:10     | Entered Level 10 of the Dungeon
 12154 | D:10     | Found a portal to a secret trove of treasure.
 12302 | D:10     | Noticed Snorg
 12343 | D:10     | Killed Snorg
 12343 | D:10     | Reached skill level 9 in Spellcasting
 12343 | D:10     | Reached XP level 11. HP: 47/84 MP: 9/24
 12646 | D:10     | Noticed Sapher's ghost (novice DDGl)
 12781 | D:10     | Killed Sapher's ghost
 13420 | D:10     | Upgraded the game from 0.20-a0-901-g27f6fa8 to 0.20-a0-903-g7e3609c
 13505 | Lair:1   | Entered Level 1 of the Lair of Beasts
 13976 | Lair:1   | Noticed an eight-headed hydra
 13982 | Lair:1   | Killed an eight-headed hydra
 14225 | Lair:1   | Reached skill level 10 in Spellcasting
 14412 | Lair:1   | Identified the +0 ring mail "Kapnycet" {rF+}
 14924 | Lair:2   | Reached ** piety under Ashenzari
 15328 | Lair:2   | Noticed Gastronok
 15936 | Lair:2   | Noticed a five-headed hydra
 15956 | Lair:2   | Killed a five-headed hydra
 16028 | Lair:2   | Noticed Sonja
 16466 | Lair:2   | Reached XP level 12. HP: 82/94 MP: 15/26
 16786 | Lair:2   | Killed Sonja
 18498 | Lair:2   | Killed Gastronok
 18680 | Lair:2   | Noticed a seven-headed hydra
 18690 | Lair:2   | Reached skill level 11 in Spellcasting
 19043 | Lair:2   | Killed a seven-headed hydra
 19513 | Lair:3   | Found a staircase to the Shoals.
 19583 | Lair:3   | Found a staircase to the Snake Pit.
 20515 | Lair:4   | Noticed a six-headed hydra
 20531 | Lair:4   | Killed a six-headed hydra
 20917 | Lair:4   | Reached *** piety under Ashenzari
 21256 | Lair:4   | Gained mutation: You are in touch with the powers of death. [Mummy growth]
 21256 | Lair:4   | Reached XP level 13. HP: 89/102 MP: 7/28
 22544 | Lair:5   | Reached skill level 12 in Spellcasting
 22546 | Lair:5   | Reached skill level 10 in Fighting
 22556 | Lair:5   | Found a viscous altar of Jiyva.
 22556 | Lair:5   | Found a staircase to the Slime Pits.
 23133 | Lair:6   | Entered Level 6 of the Lair of Beasts
 23736 | Orc:1    | Entered Level 1 of the Orcish Mines
 23961 | Orc:1    | Found Nuisin's Weapon Boutique.
 24629 | Orc:2    | Entered Level 2 of the Orcish Mines
 24630 | Orc:2    | Found Nagrympe's Gadget Shoppe.
 24633 | Orc:2    | Found Fariklal's General Store.
 24677 | Orc:2    | Paralysed by an orc sorcerer for 2 turns
 24747 | Orc:2    | Found Untin's Antique Weapon Emporium.
 24747 | Orc:2    | Noticed an ettin
 24753 | Orc:2    | Noticed an ettin
 24758 | Orc:1    | Killed an ettin
 24931 | Orc:2    | Noticed an ettin
 24939 | Orc:1    | Killed an ettin
 25064 | Orc:2    | Noticed a stone giant
 25140 | Orc:2    | Killed an ettin
 25307 | Orc:2    | Killed a stone giant
 25657 | Orc:2    | Reached **** piety under Ashenzari
 25719 | Orc:2    | Found Veiloatt's General Store.
 25765 | Orc:2    | Found a staircase to the Elven Halls.
 25821 | Orc:2    | Found Zunuim's Antique Weapon Emporium.
 25872 | Orc:2    | Found Giequevi's Antique Armour Emporium.
 25883 | Orc:2    | Found Vashiawk's Jewellery Shoppe.
 25902 | Orc:2    | Found a roughly hewn altar of Beogh.
 26086 | Orc:2    | Bought an uncursed amulet of regeneration for 360 gold pieces
 26086 | Orc:2    | Bought the ring "Enociwk" {rF+++ rN+ Slay-4 Stlth+} for 576 gold pieces
 26101 | Orc:2    | Bought a faintly humming cloak for 237 gold pieces
 26101 | Orc:2    | Bought a pair of embroidered boots for 187 gold pieces
 26106 | Orc:2    | Identified a +2 pair of boots of running (You bought it in a shop on level 2 of the Orcish Mines)
 26116 | Orc:2    | Identified the cursed +0 cloak of the Big Bang {Str+5} (You bought it in a shop on level 2 of the Orcish Mines)
 26419 | Orc:2    | Bought a scroll of teleportation for 42 gold pieces
 26419 | Orc:2    | Bought an uncursed staff of energy for 350 gold pieces
 26602 | Lair:5   | Reached skill level 1 in Evocations
 26619 | Lair:5   | Reached XP level 14. HP: 97/111 MP: 1/30
 27991 | Lair:6   | Reached skill level 5 in Evocations
 28791 | Lair:6   | Reached ***** piety under Ashenzari
 28961 | Lair:6   | Noticed StylePro's ghost (journeyman DDFi)
 29103 | Lair:5   | Upgraded the game from 0.20-a0-903-g7e3609c to 0.20-a0-909-g1a4ba80
 29571 | Lair:6   | Killed StylePro's ghost
 29945 | Lair:6   | Identified the +2 hat of Narcissism {rF+ rC+++ Str-4 Dex-3}
 30615 | D:11     | Noticed Urug
 30618 | D:11     | Killed Urug
 30618 | D:11     | Reached XP level 15. HP: 117/117 MP: 24/31
 30679 | D:11     | Reached skill level 10 in Evocations
 30969 | D:11     | Found a bloodstained altar of Trog.
 31347 | D:12     | Found a labyrinth entrance.
 31358 | Lab      | Entered a labyrinth
 31551 | Lab      | Noticed itsmu's ghost (journeyman DsFi)
 31562 | Lab      | Killed itsmu's ghost
 32552 | Lab      | Identified the amulet of the Republic {Spirit rPois Str+3 Int+3 Slay-2} (You took it off a minotaur in a labyrinth)
 32566 | Lab      | Identified the +2 robe of Ennui {rCorr Str+8 Int+3}
 32618 | D:12     | Noticed Maurice
 32623 | D:12     | Noticed Nessos
 32624 | D:12     | Killed Maurice
 32629 | D:12     | Killed Nessos
 32629 | D:12     | Reached skill level 13 in Spellcasting
 32872 | D:12     | Noticed Rupert
 33255 | D:11     | Found a bloodstained altar of Trog.
 33704 | D:11     | Found a bloodstained altar of Trog.
 34457 | D:12     | Killed Rupert
 34983 | D:13     | Reached skill level 10 in Air Magic
 35055 | D:13     | Found Vunwu's General Store.
 35115 | D:13     | Found a sacrificial altar of Ru.
 35273 | D:13     | Reached ****** piety under Ashenzari
 35417 | D:13     | Learned a level 4 spell: Olgreb's Toxic Radiance
 35529 | D:13     | Reached skill level 10 in Dodging
 36218 | D:14     | Noticed a fire giant
 36224 | D:14     | Killed a fire giant
 36393 | D:14     | Upgraded the game from 0.20-a0-909-g1a4ba80 to 0.20-a0-910-gb611367
 36393 | D:14     | Upgraded the game from 0.20-a0-910-gb611367 to 0.20-a0-971-g5896763
 36404 | D:14     | Identified the +6 leather armour of Hymalem {MR+}
 36427 | D:14     | Found Jaanoh's Armour Boutique.
 36584 | D:13     | Reached skill level 10 in Conjurations
 36961 | D:14     | Found a gate to the Vaults.
 37329 | D:15     | Entered Level 15 of the Dungeon
 37709 | D:15     | Found Jikhomy's Jewellery Shop.
 37802 | D:15     | Reached XP level 16. HP: 109/127 MP: 27/33
 38230 | D:15     | Found a staircase to the Depths.
 38873 | Elf:1    | Entered Level 1 of the Elven Halls
 38887 | Elf:1    | Reached skill level 14 in Spellcasting
 39113 | Elf:1    | Found Meclamih's Food Shop.
 39294 | Elf:1    | Learned a level 6 spell: Deflect Missiles
 39739 | Elf:1    | Reached skill level 1 in Charms
 40351 | Elf:2    | Noticed Azrael
 40353 | Elf:2    | Found a ruined gateway.
 40361 | Desolati | Entered the Desolation of Salt
 41093 | Desolati | Identified the ring "Ynuobb" {Wiz *Contam rElec Str+3}
 41094 | Desolati | Identified the ring of Melourph {Wiz Int+2}
 41107 | Desolati | Reached skill level 5 in Charms
 41136 | Desolati | Identified the cursed -5 robe of Misfortune {-Cast *Contam *Tele *Drain EV-5 Stlth-- *Curse}
 41160 | Desolati | Identified Sif Muna's Compendium of Unstable Clay
 41183 | Desolati | Identified the +3 pair of boots of Rume {Slay+3}
 41189 | Desolati | Identified the ring of Goashraagh {*Corrode rC+ rN++ Str+2 Stlth+}
 41195 | Desolati | Identified Caging's Collected Works on Creation
 41696 | Desolati | HP: 3/127 [molten gargoyle/bolt of magma[a halazid warlock] (38)]
 41743 | Desolati | HP: 3/127 [peacekeeper/volley of spikes[a halazid warlock] (14)]
 41755 | Desolati | HP: 2/127 [saltling (9)]
 41831 | Desolati | Killed from afar by a ragged hierophant

Vault maps used:
D:1:      dpeg_arrival_erosion, kennysheep_another_room,
          minmay_misc_feat_enclosed
D:2:      first_bread, makhleb_blood_cavern_becter
D:3:      uniq_terence
D:4:      nicolae_dithmenos_through_a_glass_darkly, guppyfry_early_orc_mine
D:5:      kennysheep_spiral_hall
D:6:      kennysheep_mini_moat
D:7:      kennysheep_seaside_town, nicolae_overflow_hidden_temple,
          nicolae_overflow_crystal_walls, elyvilon_altar_5, temple_statues,
          serial_shops, shop, lemuel_oklob_altar, uniq_crazy_yiuf_cottage,
          uniq_duvessa
D:8:      xom_confusion_cloud, hangedman_pestilent_swarm
D:9:      david_lair_generic, orc_0_dummy, basic_altar, kennysheep_cross_room,
          guppyfry_early_elven_hall
D:10:     enter_trove_3, uniq_snorg
D:11:     basic_altar, uniq_urug
D:12:     lab_entry_generic, special_room, uniq_maurice, uniq_nessos,
          uniq_rupert
D:13:     serial_shops, nicolae_shop_behind_doors, grunt_ministairs_8,
          nicolae_ru_awakened_eye
D:14:     minmay_containers, david_vaults_4, serial_park_square1,
          minmay_shop_grid_forest
D:15:     hangedman_depths_entry_civil_slaughter, serial_shops,
          nicolae_shop_crystal, serial_park_paths, serial_co_window_serial,
          co_window_paths_a, co_window_paths_b, co_window_corner_a,
          co_window_paths_a, co_window_paths_a, co_window_2corner,
          co_window_of_opportunity_b, co_window_paths_c
Lair:1:   grunt_forest_large_clearing_hut
Lair:2:   st_stairs_10, uniq_sonja, uniq_gastronok
Lair:3:   minmay_shoals_entry_lonely_mermaid, guppyfry_snake_entry_garden,
          st_stairs_6
Lair:5:   slime_altar_1, guppyfry_lair_drakes, serial_bayou_shore_b,
          serial_bayou_shore_b
Lair:6:   hangedman_lair_tendril_chambers, special_room, st_stairs_13,
          grunt_megastairs_3, infiniplex_staircase_pool
Orc:1:    serial_shops, shop
Orc:2:    grunt_orc_gardens, grunt_orc_garden, grunt_orc_garden,
          grunt_orc_garden, grunt_orc_garden, serial_shops, shop,
          nicolae_shop_window_shopping, shop, lemuel_statue_altar
Elf:1:    serial_shops, shop, evilmike_minifort
Elf:2:    infiniplex_enter_wizlab_glasses, portal_desolation_entry_twin_temple,
          minmay_shop_grove, uniq_saint_roka, uniq_azrael, uniq_roxanne
Lab:      nicolae_lab_big_swirl, nicolae_lab_t_cross, nicolae_lab_plus,
          lab_hedge

Skill      XL: |  1  2  3  4  5  6  7  8  9 10 11 12 13 14 15 16 |
---------------+-------------------------------------------------+-----
Conjurations   | 1 2 3 4 5 6 7 8 9 10 | 10.4
Fighting       | 1 2 3 4 5 7 8 9 10 11 12 | 12.2
Dodging        | 2 3 4 5 6 7 8 9 10 | 10.7
Spellcasting   | 3 4 5 6 7 9 10 11 12 13 14 | 14.2
Air Magic      | 3 4 5 6 7 8 9 10 | 10.7
Shields        | 4 |  4.1
Evocations     | 1 9 10 | 10.0
Charms         | 5 |  5.2
Stealth        | |  1.5

Action                   |  1- 3 |  4- 6 |  7- 9 | 10-12 | 13-15 | 16-18 || total
-------------------------+-------+-------+-------+-------+-------+-------++-------
Melee: Short sword       |    54 |   127 |       |       |       |       ||   181
       Falchion          |       |    22 |   278 |   372 |   198 |    14 ||   884
       Staff             |       |       |       |     1 |   210 |   113 ||   324
 Fire: Blowgun           |       |       |       |    22 |       |       ||    22
 Cast: Shock             |    14 |    20 |       |       |       |       ||    34
       Mephitic Cloud    |       |    15 |    30 |    48 |    32 |     4 ||   129
       Static Discharge  |       |     2 |    16 |     5 |    69 |     9 ||   101
       Blink             |       |       |     5 |    16 |    33 |    22 ||    76
       Airstrike         |       |       |    30 |   169 |   281 |   150 ||   630
       Swiftness         |       |       |     1 |     1 |     3 |       ||     5
       Lightning Bolt    |       |       |       |    65 |   438 |    72 ||   575
       Olgreb's Toxic Ra |       |       |       |       |     7 |     4 ||    11
       Deflect Missiles  |       |       |       |       |       |     1 ||     1
Invok: Curse Item        |       |       |       |     3 |     2 |       ||     5
Evoke: Wand              |       |       |       |       |    30 |       ||    30
       Staff of energy   |       |       |       |       |   695 |   244 ||   939
  Use: Scroll            |       |       |    11 |    14 |     9 |     9 ||    43
 Stab: Sleeping          |     4 |     7 |     3 |     2 |       |       ||    16
       Confused          |       |     4 |    11 |    13 |    13 |       ||    41
       Petrified         |       |       |       |       |     3 |       ||     3
Armor: Robe              |    11 |     7 |    17 |       |       |       ||    35
       Leather armour    |       |       |    16 |    87 |   237 |    74 ||   414
Dodge: Dodged            |    41 |    81 |   215 |   270 |   865 |   261 ||  1733
       Deflected         |       |       |       |       |       |    10 ||    10
Block: Buckler           |       |       |     2 |    88 |   523 |   155 ||   768
       Rpst.: Falchion   |       |     5 |    64 |    65 |    36 |     5 ||   175
